 Dungeon Sprint DCSS version 0.28.0-53-g5a82cb258f (webtiles) character file.

Game seed: 312316320879965017

1300000 Zeld the Spry (level 13, -15/113 HPs)
             Began as a Djinni Monk on May 26, 2022.
             Was a Priest of Makhleb.
             Demolished by a meat berserker
             ... wielding a +9 battleaxe
              (32 damage)
             ... in the Dungeon (Sprint VIII: "Arena of Blood").
             The game lasted 00:00:13 (13 turns).

Zeld the Spry (Djinni Monk)                           Turns: 13, Time: 00:00:14

Health: -15/113    AC:  2    Str: 14    XL:     13   Next: 64%
Gold:   0          EV: 23    Int: 13    God:    Makhleb [***...] SH:  0 Dex: 16

rFire   + + .      SeeInvis .   g - +∞ Axe of Woe
rCold   x . .      Faith    .   (shield currently unavailable)
rNeg    . . .      Spirit   .   a - +0 robe
rPois   ∞          Reflect  .   (no helmet)
rElec   .          Harm     .   (no cloak)
rCorr   .          Rampage  .   (no gloves)
Will    +....      NoTele   +   (boots unavailable)
Stlth   +++.......              (no amulet)
HPRegen 0.28/turn               (no ring)
MPRegen 0.00/turn               (no ring)

@: flying, very slightly contaminated
A: sickness immunity, fire resistance 2, cold vulnerability 1, float, innate
caster, HP casting, extra vitality 1
a: Renounce Religion, Minor Destruction, Lesser Servant of Makhleb


You were in the Dungeon.
You worshipped Makhleb.
Makhleb was most pleased with you.
You visited 1 branch

Inventory:

Hand Weapons
 g - the +∞ Axe of Woe (weapon)
   (You found it in the Dungeon)
Armour
 a - a +0 robe (worn)
Scrolls
 f - a scroll of blinking
Potions
 b - a potion of curing
 c - a potion of heal wounds
 d - a potion of haste
 e - a potion of berserk rage


   Skills:
 + Level 18.1 Fighting
 + Level 6.5 Axes
 + Level 18.5 Dodging
 + Level 6.2 Stealth
 + Level 17.3 Unarmed Combat
 * Level 12.3 Spellcasting


You had 16 spell levels left.
You knew the following spells:

 Your Spells              Type           Power      Damage    Failure   Level
a - Foxfire               Conj/Fire      100%       2x1d9     1%          1
b - Poisonous Vapours     Pois/Air       78%        N/A       1%          2
c - Summon Guardian Gole  Hex/Summ       39%        N/A       1%          3
d - Animate Dead          Necr           19%        N/A       1%          4
e - Irradiate             Conj/Tmut      19%        3d20      1%          5
f - Alistair's Intoxicat  Tmut/Pois      26%        N/A       1%          5
Your spell library was empty.

Dungeon Overview and Level Annotations

Branches:
Dungeon (1/1)

Altars:
Makhleb


Innate Abilities, Weirdness & Mutations

You are immune to sickness and miasma.
You are immune to poison.
Your flesh is very heat resistant. (rF++)
You are vulnerable to cold. (rC-)
You float through the air rather than walking.
You learn spells naturally, not from books.
Your magical power is your life essence.
You have superior vitality. (+4 MHP)


Message History

Your Axes skill gained 2 levels and is now at level 5!
Your Dodging skill gained 3 levels and is now at level 17!
Your Stealth skill increases to level 5!
Your Unarmed Combat skill gained 3 levels and is now at level 16!
Your Spellcasting skill gained 2 levels and is now at level 11!
You have reached level 12!
You feel clever.
You have reached level 13!
The power to cast Alistair's Intoxication wells up from within.
Spell assigned to 'f'.
Unknown command.
You slash the bag of meat! You chop the bag of meat into pieces.
You kill the bag of meat!
Makhleb accepts your kill.
You can now summon a lesser servant of Makhleb.
You hear a shout! x13
The bag of meat hits you with a +9 war axe!!!
* * * LOW HITPOINT WARNING * * *
You hear a shout!
Your Fighting skill increases to level 18!
Your Axes skill increases to level 6!
Your Dodging skill increases to level 18!
Your Stealth skill increases to level 6!
Your Unarmed Combat skill increases to level 17!
Your Spellcasting skill increases to level 12!
Unknown command.
You are too injured to fight recklessly!
Unknown command.
Unknown command.
Unknown command.
You slice the meat berserker!!
You slaughter the meat berserker joyfully.
You kill the meat berserker!
Makhleb accepts your kill.
You hit the bag of meat. You chop the bag of meat into pieces.
You kill the bag of meat!
Makhleb accepts your kill.
You hear a shout! x5
The meat berserker hits you with a +9 battleaxe!!
You die...

..... .. #...
.# . #... ..#
..###... ..###.
...O..###......
....._......
#...O.# #_.@)_#
#...).#
....._......
......###......
..###... ..###.
. #... ..# #...
.# ..... ..


You could see 2 meat berserkers.

Vanquished Creatures
  An ogre (D)
  5 orcs (D)
6 creatures vanquished.

Notes
Turn   | Place    | Note
-------+----------+-------------------------------------------
     0 | D        | Found the +∞ Axe of Woe
     0 | D        | Zeld the Djinni Monk began the quest for the Orb.
     0 | D        | Reached XP level 1. HP: 20/20 MP: 0/0
     1 | D        | Noticed a bag of meat
     4 | D        | Became a worshipper of Makhleb the Destroyer
     4 | D        | Reached * piety under Makhleb
     4 | D        | Reached ** piety under Makhleb
     5 | D        | Noticed a bag of meat
     7 | D        | Noticed a bag of meat
     8 | D        | Killed a bag of meat
     8 | D        | Noticed a bag of meat
     9 | D        | Reached XP level 2. HP: 40/40 MP: 0/0
     9 | D        | Reached XP level 3. HP: 46/46 MP: 0/0
     9 | D        | Learned a level 1 spell: Foxfire
     9 | D        | Reached XP level 4. HP: 52/52 MP: 0/0
     9 | D        | Reached XP level 5. HP: 58/58 MP: 0/0
     9 | D        | Learned a level 2 spell: Poisonous Vapours
     9 | D        | Reached XP level 6. HP: 64/64 MP: 0/0
     9 | D        | Reached XP level 7. HP: 69/69 MP: 0/0
     9 | D        | Learned a level 3 spell: Summon Guardian Golem
     9 | D        | Reached XP level 8. HP: 76/76 MP: 0/0
     9 | D        | Reached XP level 9. HP: 81/81 MP: 0/0
     9 | D        | Learned a level 4 spell: Animate Dead
     9 | D        | Reached XP level 10. HP: 87/87 MP: 0/0
     9 | D        | Reached XP level 11. HP: 93/93 MP: 0/0
     9 | D        | Learned a level 5 spell: Irradiate
     9 | D        | Noticed a bag of meat
    11 | D        | Noticed a meat berserker
    11 | D        | Killed a bag of meat
    11 | D        | Killed a bag of meat
    11 | D        | Noticed a meat berserker
    11 | D        | Noticed a meat berserker
    12 | D        | Reached skill level 5 in Axes
    12 | D        | Reached skill level 5 in Stealth
    12 | D        | Reached XP level 12. HP: 56/106 MP: 0/0
    12 | D        | Reached XP level 13. HP: 60/112 MP: 0/0
    12 | D        | Learned a level 5 spell: Alistair's Intoxication
    12 | D        | Killed a bag of meat
    12 | D        | Reached *** piety under Makhleb
    13 | D        | Killed a meat berserker
    13 | D        | Killed a bag of meat
    13 | D        | Demolished by a meat berserker

Illustrated notes

Levels and vault maps discovered:
D:        meatsprint

Skill      XL: |  1  2  3  4  5  6  7  8  9 10 11 12 13 |
---------------+----------------------------------------+-----
Fighting       | 13 17 18 | 18.1
Axes           | 3 5 6 |  6.5
Dodging        | 14 17 18 | 18.5
Stealth        | 4 5 6 |  6.2
Unarmed Combat | 13 16 17 | 17.3
Spellcasting   | 9 11 12 | 12.3

Action                   |  1- 3 |  4- 6 |  7- 9 | 10-12 | 13-15 || total
-------------------------+-------+-------+-------+-------+-------++-------
Melee: Executioner's axe |     1 |       |       |     1 |     2 ||     4
 Cast: Irradiate         |       |       |       |     1 |       ||     1
Dodge: Dodged            |       |       |       |     2 |       ||     2
